 Dungeon Crawl Stone Soup version 0.30.0-29-ga12c61a403 (webtiles) character file.

Game seed: 14237091732206866588

1560 qw the Cleaver (level 8, -8/51 HPs)
             Began as a Gargoyle Fighter on June 3, 2023.
             Mangled by a two-headed ogre
             ... wielding a +0 giant spiked club
              (24 damage)
             ... on level 7 of the Dungeon.
             The game lasted 00:02:22 (5214 turns).

qw the Cleaver (Gargoyle Fighter)                   Turns: 5214, Time: 00:02:23

Health: -8/51      AC: 20    Str: 22    XL:     8   Next: 89%
Magic:  8/8        EV:  6    Int:  9    God:
Gold:   270        SH:  4    Dex:  9    Spells: 7/7 levels left

rFire   + . .        Y - +1 war axe
rCold   . . .        c - +0 buckler
rNeg    + . .        p - +3 plate armour
rPois   inf          (no helmet)
rElec   +            (no cloak)
rCorr   .            (no gloves)
SInv    .            (no boots)
Will    .....        (no amulet) Stlth
                     j - ring of protection from fire
HPRegen 0.28/turn    (no ring)
MPRegen 0.11/turn

%: no passive effects
@: no status effects
A: sickness immunity, AC +5, negative energy resistance 1, electricity
resistance, torment resistance 1, petrification resistance
a: no special abilities


You were on level 7 of the Dungeon.
You visited 1 branch of the dungeon, and saw 8 of its levels.
You also visited: Ossuary.

You collected 270 gold pieces.


Innate Abilities, Weirdness & Mutations

You are immune to sickness and miasma.
Your stone body is resilient. (AC +5)
You are immune to poison.
You resist negative energy. (rN+)
You are resistant to electric shocks. (rElec)
You are resistant to unholy torment.
You are immune to petrification.


   Skills:
 - Level 6.1 Fighting
 + Level 8.4 Axes
 - Level 1.4 Throwing
 - Level 4.0 Armour
 - Level 1.7 Dodging
 - Level 3.2 Shields


You had 7 spell levels left.
You didn't know any spells.
Your spell library was empty.

Inventory:

Hand Weapons
 i - a +0 flail
 Y - a +1 war axe (weapon)
Missiles
 t - 2 boomerangs (quivered)
Armour
 c - a +0 buckler (worn)
 p - a +3 plate armour (worn)
Jewellery
 b - the ring of Patience {Fly rF+ EV+5}
   (You took it off an orc on level 7 of the Dungeon)

   [ring of evasion]

   EV:        It affects your evasion (+5).
   rF:        It protects you from fire.
   Fly:       It grants you flight.
 j - a ring of protection from fire (left hand)
Scrolls
 a - a scroll of identify
 o - 5 scrolls of teleportation
Potions
 d - 3 potions of might
 e - a potion of mutation
 f - 5 potions of curing
 k - 4 potions of haste
 n - a potion of attraction
 q - a potion of cancellation {unknown}
 r - a potion of lignification
 s - 3 potions of heal wounds

Dungeon Overview and Level Annotations

Branches:
Dungeon (8/15)            Ossuary (visited)
 Temple: D:4-7         Lair: D:8-11

Altars:
Fedhas
Hepliaklqana
Zin


Message History

You see here a +0 giant club.
You open the door.
An orc comes into view.
It is wielding a +0 dagger and wearing the ring of Patience {Fly rF+ EV+5}.
The orc shouts!
The orc is attracted toward you.
You hit the orc.
The orc is severely wounded.
The orc hits you with a +0 dagger.
You slash the orc!
You kill the orc!
You start resting.
Your extra speed is starting to run out.
HP restored.
b - the ring of Patience {Fly rF+ EV+5}
There is an open door here.
You see here a +0 dagger.
You feel yourself slow down.
Found an escape hatch in the ceiling.
Found an escape hatch in the floor.
You feel less attractive to monsters.
There is an open door here.
You see here a +0 dagger.
There is an open door here.
A two-headed ogre comes into view.
It is wielding a +0 giant spiked club and a +0 dire flail.
You slash the two-headed ogre!
The two-headed ogre is moderately wounded.
The two-headed ogre hits you with a +0 giant spiked club!!
Ouch! That really hurt!
The two-headed ogre hits you with a +0 dire flail!
You hear an angry hiss.
You slash the two-headed ogre!
The two-headed ogre is heavily wounded.
You hit the two-headed ogre.
The two-headed ogre is severely wounded.
You block the two-headed ogre's attack.
The two-headed ogre hits you with a +0 dire flail.
You slash the two-headed ogre!
The two-headed ogre is almost dead.
The two-headed ogre hits you with a +0 giant spiked club!!
You die...

### ..# ..####### #
.>....... .## ........#
.. ....###.. #. ....#
..####.### ....#
#.....O..+ ##8.# ####@##
.##)#########.....#..
....).......'...........
....#########...##......
..#.#.......##### .#####
.#..#...<...# .#
##8.........# +
##.........# #.........#


You could see a two-headed ogre.

Vanquished Creatures
  Sigmund (D:5)
  An orc warrior (D:6)
  A water moccasin (D:5)
  A black bear (D:6)
  An ogre (D:7)
  A kobold brigand (D:5)
  A bullfrog (D:6)
  5 scorpions
  4 water moccasin zombies (Ossuary)
  2 hounds (D:5)
  3 iguanas
  An orc wizard (D:4)
  2 mummies (Ossuary)
  7 gnolls
  3 adders
  2 ufetubi
  3 adder zombies (Ossuary)
  3 dart slugs
  8 orcs
  3 ball pythons
  2 bats (D:1)
  6 endoplasms
  4 giant cockroaches
  4 gnoll zombies (Ossuary)
  3 hobgoblins
  11 jackals
  3 quokkas (D:1)
  2 frilled lizards
  12 goblins
  10 hobgoblin zombies (Ossuary)
  7 kobolds
  2 kobold zombies (Ossuary)
  5 orc zombies (Ossuary)
  8 rats
132 creatures vanquished.

Notes
Turn   | Place    | Note
-------+----------+-------------------------------------------
     0 | D:1      | qw the Gargoyle Fighter began the quest for the Orb.
     0 | D:1      | Reached XP level 1. HP: 14/14 MP: 1/1
     0 | D:1      | 0 ||| qw: Version: 0.2-a-103-g5a998e5
     0 | D:1      | 0 ||| qw: Game counter: 1117
     0 | D:1      | 0 ||| qw: Always use a shield: true
     0 | D:1      | 0 ||| qw: God list: Okawaru
     0 | D:1      | 0 ||| qw: Allow faded altars: false
     0 | D:1      | 0 ||| qw: Do Orc after D:15 true
     0 | D:1      | 0 ||| qw: Do second Lair branch before Depths: true
     0 | D:1      | 0 ||| qw: Lair rune preference: random
     0 | D:1      | 0 ||| qw: Plans: Normal, Zot:1-4, Slime:5, God:TSO, Crypt,
                  | Tomb, Pan, Hells, Abyss, Win
     0 | D:1      | 0 ||| PLANNING D:1-11
    10 | D:1      | Reached skill level 2 in Axes
    39 | D:1      | 39 ||| Stepping ~*~*~tactically~*~*~ (hiding).
    47 | D:1      | Reached XP level 2. HP: 16/19 MP: 2/2
   162 | D:1      | 162 ||| Stepping ~*~*~tactically~*~*~ (stealth).
   235 | D:1      | Reached skill level 3 in Axes
   443 | D:1      | Reached XP level 3. HP: 23/23 MP: 3/3
   967 | D:1      | 967 ||| UPGRADING to +1 ring mail of cold resistance.
   977 | D:1      | 977 ||| DROPPING +6 ring of intelligence.
   978 | D:1      | 978 ||| READING scroll labelled RYNOB ZY TIKI.
   979 | D:1      | 979 ||| READING scroll labelled LAPRYR NURO.
   980 | D:1      | 980 ||| READING scroll labelled LEZ TUPSASOUTU.
   981 | D:1      | 981 ||| DRINKING 3 cyan potions.
  1111 | D:2      | 1111 ||| Stepping ~*~*~tactically~*~*~ (stealth).
  1113 | D:2      | 1113 ||| Stepping ~*~*~tactically~*~*~ (stealth).
  1301 | D:2      | Found a blossoming altar of Fedhas.
  1425 | D:2      | 1425 ||| DROPPING +0 club.
  1785 | D:2      | 1785 ||| READING scroll labelled HYTTUKH RULEAGG.
  1789 | D:2      | 1789 ||| READING scroll labelled ONWEENNE JEACK.
  1790 | D:2      | 1790 ||| READING scroll labelled XUAVOY MOAXO.
  1791 | D:2      | 1791 ||| READING scroll labelled ZUFYLU MICIUSONEU.
  1792 | D:2      | 1792 ||| DRINKING 2 fizzy emerald potions.
  1828 | D:3      | Reached XP level 4. HP: 20/28 MP: 4/4
  1832 | D:3      | Reached skill level 4 in Axes
  1833 | D:3      | HP: 4/28 [gnoll/+0 halberd (6)]
  1834 | D:3      | 1834 ||| DRINKING potion of heal wounds.
  1988 | D:3      | 1988 ||| DROPPING +0 whip.
  2369 | D:3      | 2369 ||| Stepping ~*~*~tactically~*~*~ (stealth).
  2420 | D:3      | 2420 ||| READING scroll labelled HERAGO BIZO.
  2421 | D:3      | 2421 ||| READING scroll labelled DOAXAN LEWK.
  2440 | D:3      | 2440 ||| READING 2 scrolls of identify.
  2440 | D:3      | 2440 ||| IDENTIFYING smoky green potion
  2488 | D:4      | 2488 ||| Stepping ~*~*~tactically~*~*~ (stealth).
  2533 | D:4      | Reached XP level 5. HP: 19/32 MP: 5/5
  2621 | D:4      | Reached skill level 5 in Axes
  2786 | D:4      | Reached skill level 1 in Dodging
  2786 | D:4      | Reached XP level 6. HP: 32/37 MP: 6/6
  2924 | D:4      | 2924 ||| Stepping ~*~*~tactically~*~*~ (hiding).
  2940 | D:4      | 2940 ||| DRINKING 4 potions of curing.
  2940 | D:4      | 2940 ||| (to cure confusion)
  3202 | D:4      | 3202 ||| Stepping ~*~*~tactically~*~*~ (stealth).
  3247 | D:4      | 3247 ||| DROPPING +0 scale mail.
  3248 | D:4      | 3248 ||| UPGRADING to +0 plate armour.
  3258 | D:4      | 3258 ||| DROPPING +1 ring mail of cold resistance.
  3259 | D:4      | 3259 ||| READING 2 scrolls of enchant armour.
  3259 | D:4      | 3259 ||| ENCHANTING +0 plate armour.
  3260 | D:4      | 3260 ||| READING scroll of enchant armour.
  3260 | D:4      | 3260 ||| ENCHANTING +1 plate armour.
  3261 | D:4      | 3261 ||| UPGRADING to ring of protection from fire.
  3262 | D:4      | 3262 ||| READING 2 scrolls of identify.
  3262 | D:4      | 3262 ||| IDENTIFYING fuming dark potion
  3263 | D:4      | 3263 ||| DROPPING potion of degeneration.
  3294 | D:5      | Entered Level 5 of the Dungeon
  3329 | D:5      | Noticed Sigmund
  3330 | D:5      | 3330 ||| Stepping ~*~*~tactically~*~*~ (stealth).
  3333 | D:5      | 3333 ||| Stepping ~*~*~tactically~*~*~ (stealth).
  3341 | D:5      | 3341 ||| Stepping ~*~*~tactically~*~*~ (hiding).
  3342 | D:5      | 3342 ||| Stepping ~*~*~tactically~*~*~ (stealth).
  3355 | D:5      | Killed Sigmund
  3356 | D:5      | Reached skill level 6 in Axes
  3356 | D:5      | Reached XP level 7. HP: 21/43 MP: 7/7
  3520 | D:5      | 3520 ||| Stepping ~*~*~tactically~*~*~ (hiding).
  3521 | D:5      | 3521 ||| Stepping ~*~*~tactically~*~*~ (hiding).
  3545 | D:5      | Reached skill level 7 in Axes
  3673 | D:5      | Found a hazy altar of Hepliaklqana.
  3711 | D:5      | 3711 ||| Stepping ~*~*~tactically~*~*~ (hiding).
  3761 | D:5      | 3761 ||| Stepping ~*~*~tactically~*~*~ (hiding).
  3762 | D:5      | 3762 ||| Stepping ~*~*~tactically~*~*~ (hiding).
  3860 | D:5      | Reached XP level 8. HP: 39/49 MP: 8/8
  3947 | D:5      | Found a glowing silver altar of Zin.
  3947 | D:5      | Noticed an angel
  4122 | D:5      | 4122 ||| READING scroll labelled SIUHUBLEOD.
  4123 | D:5      | 4123 ||| READING scroll labelled DAEGAN KURCHEI.
  4124 | D:5      | 4124 ||| DRINKING 2 fuming orange potions.
  4185 | D:6      | 4185 ||| READING scroll of enchant armour.
  4185 | D:6      | 4185 ||| ENCHANTING +2 plate armour.
  4264 | D:6      | 4264 ||| Stepping ~*~*~tactically~*~*~ (hiding).
  4267 | D:6      | 4267 ||| Stepping ~*~*~tactically~*~*~ (hiding).
  4341 | D:6      | Reached skill level 1 in Throwing
  4385 | D:6      | 4385 ||| Stepping ~*~*~tactically~*~*~ (hiding).
  4810 | D:6      | 4810 ||| DROPPING orb of light.
  4811 | D:6      | 4811 ||| DROPPING orb of light.
  4812 | D:6      | 4812 ||| READING 2 scrolls of identify.
  4812 | D:6      | 4812 ||| IDENTIFYING metallic cyan potion
  4813 | D:6      | 4813 ||| DROPPING potion of invisibility.
  4883 | D:7      | 4883 ||| PLANNING OSSUARY
  4887 | D:7      | 4887 ||| DROPPING +2 heavy hand axe.
  4888 | D:7      | You fall into a shaft and drop 1 floor!
  4900 | D:7      | Found a sand-covered staircase.
  4909 | Ossuary  | Entered an ossuary
  4930 | Ossuary  | Reached skill level 8 in Axes
  5066 | Ossuary  | Reached skill level 6 in Fighting
  5138 | Ossuary  | 5138 ||| READING scroll labelled IMUODYNOYLL.
  5139 | Ossuary  | 5139 ||| DRINKING 5 pink potions.
  5140 | Ossuary  | 5140 ||| DRINKING 2 black potions.
  5141 | Ossuary  | 5141 ||| DRINKING 6 potions of curing.
  5141 | Ossuary  | 5141 ||| (to cure confusion)
  5142 | Ossuary  | 5142 ||| DRINKING 2 ruby potions.
  5143 | Ossuary  | 5143 ||| READING 2 scrolls of identify.
  5143 | Ossuary  | 5143 ||| IDENTIFYING fizzy coppery potion
  5144 | Ossuary  | 5144 ||| DROPPING potion of ambrosia.
  5145 | Ossuary  | 5145 ||| DROPPING potion of magic.
  5151 | D:7      | 5151 ||| PLANNING D:1-11
  5162 | D:7      | 5162 ||| Stepping ~*~*~tactically~*~*~ (stealth).
  5170 | D:7      | Identified the ring of Patience {Fly rF+ EV+5}
  5210 | D:7      | Noticed a two-headed ogre
  5214 | D:7      | Mangled by a two-headed ogre

Levels and vault maps discovered:
D:1:      dpeg_arrival_prison, layout_loops_corners
D:2:      layout_loops_ring, basic_altar, serial_forest,
          infiniplex_forest_lined_2, infiniplex_forest_clump_cross,
          infiniplex_forest_fountain, infiniplex_forest_zigzag_1,
          infiniplex_forest_clump_medium, infiniplex_forest_straight_4,
          infiniplex_forest_lined_ring
D:3:      kennysheep_the_goblin_king, layout_basic
D:4:      layout_loops_cross, kennysheep_generic_room_9
D:5:      layout_basic, zin_angel, nzn_hepliaklqana_mist_gate, uniq_sigmund
D:6:      layout_cave_pools, minivault_5
D:7:      layout_basic, chequers_temple_overflow_statue_of_worship,
          temple_statues, lightli_ossuary_entry_decrepit_ruins
D:8:      layout_gridville, serial_shops, nicolae_shop_real_fake_doors,
          uniq_grum, uniq_amaemon

Skill      XL: |  1  2  3  4  5  6  7  8 |
---------------+-------------------------+-----
Axes           | 2 3 4 5 6 7 8 |  8.4
Dodging        | 1 |  1.7
Fighting       | 4 5 6 |  6.1
Armour         | 4 |  4.0
Throwing       | 1 |  1.4
Shields        | |  3.2

Action                     |  1- 3 |  4- 6 |  7- 9 || total
---------------------------+-------+-------+-------++-------
  Melee: War axe           |    77 |   118 |   215 ||   410
  Throw: Boomerang         |       |       |     9 ||     9
    Use: Scroll            |     7 |     6 |     6 ||    19
         Potion            |     2 |     2 |     5 ||     9
 Armour: Scale mail        |    24 |       |       ||    24
         Ring mail         |    13 |    61 |       ||    74
         Plate armour      |       |    12 |   129 ||   141
  Dodge: Dodged            |    33 |    56 |    48 ||   137
  Block: Buckler           |    14 |    18 |    28 ||    60

Table legend:
 A = Non-vault XP
 B = Vault XP
 C = Vault XP percentage of total XP
 D = Non-vault monster count
 E = Vault monster count
 F = Vault count percentage of total count
                 A         B        C        D         E       F
            +---------+---------+-------+---------+---------+-------
      Total |    1615 |     614 |  27.5 |      89 |      43 |  32.6
            +---------+---------+-------+---------+---------+-------
        D:1 |      34 |       8 |  19.0 |      20 |       5 |  20.0
        D:2 |      23 |       0 |   0.0 |       8 |       0 |   0.0
        D:3 |      72 |      14 |  16.3 |      12 |       7 |  36.8
        D:4 |     292 |       0 |   0.0 |      21 |       0 |   0.0
        D:5 |     589 |     214 |  26.7 |      15 |       1 |   6.2
        D:6 |     484 |       0 |   0.0 |      11 |       0 |   0.0
        D:7 |     121 |       0 |   0.0 |       2 |       0 |   0.0
    Ossuary |       0 |     378 | 100.0 |       0 |      30 | 100.0
            +---------+---------+-------+---------+---------+-------
